Map: Lightshade LE

Players

Astrea - Winner!

  • Race: Protoss Protoss
  • League: Master

DisK

  • Race: Protoss Protoss

Event: DreamHack SC2 Masters 2021 Summer

VOD

Have the link to the VOD?

Description

Time

  • Played on: May 25, 2021, 4:06 p.m.
  • Length: 12:21

All games in this series

Show
View Real Time Build Order
Export as new Build Order

Astrea Protoss - Winner!

Build Orders: Phoenix Opening 

Get SALT Encoding   

  12  0:00  Probe  
  13  0:12  Probe  
  14  0:17  Pylon  
  14  0:24  Probe (Chrono Boost)  
  15  0:36  Probe (Chrono Boost), Gateway  
  16  0:44  Probe (Chrono Boost)  
  16  0:45  Assimilator  
  17  0:51  Probe  
  17  0:54  Assimilator  
  18  1:03  Probe (Chrono Boost)  
  19  1:06  Gateway  
  19  1:12  Probe (Chrono Boost)  
  19  1:17  Probe (Chrono Boost)  
  20  1:23  Cybernetics Core  
  21  1:29  Probe  
  22  1:34  Pylon  
  22  1:41  Probe  
  23  1:53  Probe  
  24  1:58  Warp Gate (Chrono Boost)  
  24  1:59  Stalker  
  24  2:00  Sentry  
  28  2:05  Probe  
  29  2:11  Pylon  
  29  2:17  Probe  
  30  2:27  Pylon  
  31  2:30  Probe, Stalker  
  31  2:31  Sentry  
  36  2:44  Phoenix  
  36  2:51  Pylon  
  36  2:57  Nexus  
  34  3:00  Sentry  
  34  3:03  Shield Battery  
  37  3:10  Pylon  
  37  3:11  Probe  
  37  3:23  Probe  
  37  3:26  Twilight Council  
  38  3:34  Shield Battery  
  38  3:35  Probe  
  39  3:47  Probe, Stalker x2  
  44  3:52  Shield Battery  
  44  3:58  Phoenix  
  44  3:59  Probe  
  45  4:06  Blink (Chrono Boost)  
  45  4:10  Probe  
  45  4:11  Probe  
  47  4:18  Robotics Facility  
  47  4:22  Probe  
  48  4:24  Probe  
  49  4:34  Probe, Stalker x2  
  49  4:37  Probe  
  55  4:44  Pylon  
  55  4:46  Probe  
  55  4:50  Probe  
  57  4:58  Probe  
  57  5:02  Probe  
  57  5:06  Observer (Chrono Boost), Stalker x2  
  62  5:07  Pylon  
  62  5:13  Probe  
  61  5:16  Probe  
  60  5:25  Probe  
  60  5:28  Probe  
  61  5:31  Stalker x2  
  61  5:35  Observer  
  66  5:41  Assimilator  
  66  5:50  Probe  
  66  5:53  Nexus  
  67  5:57  Pylon  
  67  6:03  Stalker x2  
  71  6:10  Probe  
  72  6:15  Forge  
  72  6:20  Observer, Probe  
  71  6:25  Probe  
  71  6:30  Stalker x2  
  71  6:32  Probe  
  73  6:34  Immortal (Chrono Boost)  
  73  6:38  Probe  
  78  6:40  Gateway  
  78  6:44  Probe  
  78  6:45  Protoss Ground Weapons Level 1 (Chrono Boost)  
  79  6:50  Probe  
  80  7:00  Stalker x2  
  82  7:01  Probe  
  82  7:06  Immortal (Chrono Boost)  
  82  7:07  Probe (Chrono Boost)  
  79  7:10  Probe (Chrono Boost)  
  84  7:17  Probe (Chrono Boost)  
  84  7:19  Probe (Chrono Boost)  
  84  7:22  Probe (Chrono Boost)  
  86  7:27  Probe (Chrono Boost)  
  86  7:28  Probe x2 (Chrono Boost)  
  86  7:29  Sentry  
  91  7:32  Probe (Chrono Boost)  
  91  7:34  Probe  
  91  7:36  Probe, Stalker  
  95  7:38  Stalker  
  95  7:39  Observer  
  95  7:42  Pylon  
  95  7:43  Probe  
  100  7:59  Gateway x2, Warp Prism (Chrono Boost)  
  100  8:00  Assimilator, Sentry  
  100  8:05  Pylon  
  104  8:07  Stalker x2  
  108  8:23  Stalker  
  110  8:27  Pylon  
  110  8:28  Pylon  
  110  8:32  Gateway, Stalker x2  
  114  8:37  Charge (Chrono Boost)  
  114  8:40  Pylon  
  114  8:43  Protoss Ground Weapons Level 2 (Chrono Boost)  
  114  8:44  Nexus  
  114  8:47  Observer  
  114  9:00  Pylon  
  114  9:02  Stalker x2  
  114  9:03  Zealot x2, Stalker  
  120  9:18  Probe  
  120  9:21  Immortal  
  125  9:27  Zealot, Stalker x3  
  125  9:28  Zealot x2  
  129  9:43  Probe x3  
  132  9:48  Templar Archives  
  132  9:49  Shield Battery  
  132  9:53  Gateway  
  132  9:54  Gateway  
  132  10:00  Zealot x4  
  132  10:01  Zealot x2  
  144  10:12  Photon Cannon  
  144  10:14  Probe x4  
  148  10:15  Shield Battery  
  148  10:16  Observer  
  148  10:18  Photon Cannon  
  148  10:19  Observer  
  148  10:25  High Templar x2  
  148  10:26  Zealot x4  
  160  10:29  Pylon  
  160  10:31  Photon Cannon  
  160  10:32  Archon  
  160  10:54  High Templar, Stalker  
  160  10:55  High Templar, Zealot x3  
  170  10:58  Zealot  
  170  10:59  Archon  
  170  11:02  Immortal  
  171  11:04  Pylon x2  
  171  11:05  Pylon  
  171  11:06  Pylon  
  169  11:20  Pylon x2  
  169  11:24  Zealot x6  
  179  11:31  Zealot x2  
  183  11:35  Assimilator  
  183  11:38  Gateway  
  183  11:39  Gateway  
  183  11:50  Zealot x6  
  183  11:51  Zealot x2  
  189  12:12  Zealot x2  
  189  12:13  Zealot x6  
Show
View Real Time Build Order
Export as new Build Order

DisK Protoss 

Build Orders: Blink Stalkers, Dark Templar Rush 

Get SALT Encoding   

  12  0:00  Probe  
  13  0:12  Probe  
  14  0:17  Pylon  
  14  0:24  Probe  
  15  0:35  Gateway  
  15  0:37  Probe (Chrono Boost)  
  16  0:46  Probe (Chrono Boost)  
  16  0:47  Assimilator  
  17  0:51  Probe  
  17  0:55  Assimilator  
  18  1:04  Probe (Chrono Boost)  
  19  1:07  Gateway  
  19  1:13  Probe (Chrono Boost)  
  20  1:18  Probe (Chrono Boost)  
  20  1:24  Cybernetics Core  
  21  1:30  Probe  
  22  1:33  Pylon  
  22  1:42  Probe  
  23  1:54  Probe  
  23  2:00  Warp Gate (Chrono Boost)  
  24  2:01  Stalker  
  24  2:02  Stalker  
  24  2:07  Probe  
  29  2:11  Pylon  
  29  2:25  Pylon  
  30  2:30  Probe  
  30  2:34  Adept x2  
  34  2:42  Twilight Council  
  34  2:47  Probe  
  35  3:06  Pylon  
  35  3:10  Nexus  
  35  3:25  Dark Shrine  
  35  3:28  Probe  
  36  3:40  Gateway, Blink (Chrono Boost)  
  36  3:47  Probe  
  37  4:01  Shield Battery  
  37  4:08  Probe  
  36  4:21  Probe (Chrono Boost)  
  35  4:27  Probe (Chrono Boost), Stalker  
  36  4:32  Forge  
  36  4:33  Probe (Chrono Boost)  
  36  4:37  Probe (Chrono Boost), Dark Templar x2  
  42  4:39  Probe (Chrono Boost)  
  42  4:42  Probe (Chrono Boost)  
  44  4:48  Probe  
  44  4:50  Robotics Facility  
  45  4:53  Stalker  
  47  5:00  Probe  
  48  5:07  Probe  
  48  5:12  Probe (Chrono Boost)  
  50  5:17  Stalker x3  
  50  5:21  Assimilator  
  57  5:24  Probe (Chrono Boost)  
  57  5:25  Probe (Chrono Boost)  
  57  5:28  Protoss Ground Weapons Level 1 (Chrono Boost)  
  56  5:31  Probe (Chrono Boost)  
  56  5:33  Probe (Chrono Boost), Pylon  
  56  5:44  Stalker  
  58  5:50  Nexus  
  58  5:55  Pylon  
  58  5:57  Stalker  
  58  5:58  Stalker  
  62  6:05  Warp Prism  
  62  6:08  Probe  
  62  6:09  Probe  
  66  6:13  Stalker  
  68  6:20  Probe  
  65  6:28  Stalker x2  
  67  6:35  Probe  
  67  6:37  Pylon  
  67  6:38  Dark Templar  
  67  6:39  Pylon  
  70  6:50  Gateway  
  70  6:51  Gateway, Nexus  
  70  6:53  Gateway  
  70  6:56  Observer  
  70  7:01  Probe  
  72  7:08  Probe  
  73  7:09  Stalker  
  73  7:11  Stalker  
  73  7:15  Gateway  
  75  7:16  Pylon x2  
  75  7:34  Immortal (Chrono Boost)  
  79  7:37  Protoss Ground Weapons Level 2 (Chrono Boost), Pylon  
  79  7:41  Sentry  
  79  7:42  Stalker  
  84  7:44  Probe  
  84  7:45  Shield Battery  
  84  7:48  Adept x2  
  88  7:57  Probe x2  
  89  8:01  Stalker  
  91  8:09  Stalker x2  
  91  8:11  Pylon  
  91  8:12  Probe x2  
  97  8:15  Assimilator  
  97  8:16  Probe  
  98  8:20  Observer  
  98  8:24  Pylon  
  99  8:31  Gateway  
  99  8:34  Charge (Chrono Boost)  
  99  8:38  Gateway  
  99  8:43  Stalker x2  
  99  8:45  Stalker  
  105  8:50  Stalker  
  105  8:53  Zealot, Stalker  
  110  8:57  Shield Battery  
  110  8:58  Shield Battery  
  110  9:02  Shield Battery  
  106  9:12  Stalker  
  106  9:13  Stalker x2  
  106  9:17  Stalker x2  
  104  9:28  Stalker x2  
  104  9:29  Observer  
  108  9:35  Stalker x2  
  110  9:42  Stalker  
  110  9:43  Zealot x2  
  110  9:44  Zealot  
  118  9:47  Probe  
  118  9:48  Probe x2  
  121  9:56  Observer  
  121  9:57  Zealot x2  
  125  10:05  Pylon x2  
  125  10:15  Pylon  
  125  10:20  Pylon  
  125  10:23  Stalker x2  
  125  10:24  Stalker x3  
  125  10:28  Stalker  
  137  10:32  Stalker  
  137  10:33  Stalker  
  141  10:52  Zealot x3  
  144  10:59  Stalker x4  
  144  11:00  Stalker  
  148  11:19  Zealot x2  
  148  11:20  Zealot  
  148  11:23  Zealot x3  
  157  11:33  Observer  
  157  11:35  Pylon x2  
  151  11:47  Zealot x3  
  155  11:56  Zealot  
  155  11:57  Zealot x4  
  163  12:03  Nexus  
  163  12:07  Pylon  
Tags
 
Add a new tag
Caveats
  • Supply blocks, unpowered buildings, or Contaminate may cause inaccurate times.
  • Supply counts are checked every 10 seconds.